 Dungeon Crawl Stone Soup version 0.23-a0-650-ga4d50d4 (webtiles) character file.

149 Borgoz the Cudgeler (level 5, -2/32 HPs)
             Began as a Gargoyle Gladiator on Jan 3, 2019.
             Killed by nerve-wracking pain
             ... invoked by Grinder
              (4 damage)
             ... on level 3 of the Dungeon.
             The game lasted 00:02:22 (1561 turns).

Borgoz the Cudgeler (Gargoyle Gladiator)            Turns: 1561, Time: 00:02:22

Health: -2/32      AC:  8    Str: 18    XL:     5   Next: 31%
Magic:  5/5        EV: 13    Int:  8    God:
Gold:   117        SH:  0    Dex: 12    Spells: 4/4 levels left

rFire    . . .     SeeInvis .   a - +0 flail
rCold    . . .     Gourm    .   (no shield)
rNeg     + . .     Faith    .   b - +0 leather armour
rPois    ∞         Spirit   .   c - +0 helmet
rElec    +         Reflect  .   (no cloak)
rCorr    .         Harm     .   (no gloves)
MR       .....                  (no boots)
Stlth    +.........             p - amulet of the acrobat
HPRegen  0.10/turn              (no ring)
MPRegen  0.09/turn              (no ring)

@: no status effects
A: negative energy resistance 1, electricity resistance, unbreathing,
petrification resistance, rot immunity, AC +4
a: no special abilities


You were on level 3 of the Dungeon.
You were not hungry.

You visited 1 branch of the dungeon, and saw 3 of its levels.

You collected 117 gold pieces.

Inventory:

Hand Weapons
 a - a +0 flail (weapon)
Missiles
 d - 3 throwing nets (quivered)
Armour
 b - a +0 leather armour (worn)
 c - a +0 helmet (worn)
Jewellery
 p - an amulet of the acrobat (around neck)
Wands
 o - a wand of flame (23)
Scrolls
 g - 3 scrolls of teleportation {unknown}
 h - a scroll of magic mapping {unknown}
 i - a scroll of noise {unknown}
 k - 4 scrolls of identify {unknown}
 l - a scroll of blinking {unknown}
 n - a scroll of immolation {unknown}
Potions
 e - a potion of might {unknown}
 m - a potion of cancellation {unknown}
Comestibles
 f - 7 rations
 j - a chunk of flesh


   Skills:
 + Level 3.1 Fighting
 + Level 4.4 Maces & Flails
 - Level 1.7 Throwing
 + Level 1.7 Armour
 + Level 3.1 Dodging


You had 4 spell levels left.
You didn't know any spells.
Your spell library was empty.

Dungeon Overview and Level Annotations

Branches:
Dungeon (3/15)

Altars:

Annotations:
D:3 Grinder


Innate Abilities, Weirdness & Mutations

You are resistant to torment.
Your stone body is resilient. (AC +4)
You are immune to poison.
You resist negative energy. (rN+)
You are resistant to electric shocks. (rElec)
You can survive without breathing.
You are immune to petrification.
You are immune to rotting.


Message History

Grinder hits you.
You completely miss Grinder.
Grinder is lightly wounded.
Grinder says, "Tell me all your secrets, or I'll kill you."
Grinder hits you but does no damage.
You closely miss Grinder.
Grinder is lightly wounded.
Grinder hits you!
You writhe in agony.
* * * LOW HITPOINT WARNING * * *
Grinder hits you but does no damage.
You barely miss Grinder.
Grinder is lightly wounded.
Grinder gestures at you. Pain shoots through your body!
* * * LOW HITPOINT WARNING * * *
You barely miss Grinder.
Grinder is lightly wounded.
Grinder gestures at you. Pain shoots through your body!
You die...

...#####.# #..........#
...# #.# ###'######...
...# #.# #.######### ...#
#.# #......... #### #.##
#..########. ########..#
#..# ...... ..[.......##
#..###......
#......##..###..#........
..............@......#
.........###.5#......#
+####..)..##..####+###
#.....##..####.#
#......#.......#
.......#.#.......#
.................+
#....#####..#.....#
#...######..#.....#


You could see Grinder.

Vanquished Creatures
  A bullfrog (D:2)
  2 adders
  An ooze (D:2)
  2 dart slugs
  2 leopard geckos (D:1)
  An orc (D:3)
  6 bats
  9 giant cockroaches
  6 goblins
  8 hobgoblins
  4 kobolds (D:1)
  2 quokkas (D:2)
  2 ball pythons (D:1)
  5 frilled lizards
  5 rats
56 creatures vanquished.

Notes
Turn   | Place    | Note
-------+----------+-------------------------------------------
     0 | D:1      | Borgoz the Gargoyle Gladiator began the quest for the Orb.
     0 | D:1      | Reached XP level 1. HP: 12/12 MP: 1/1
   275 | D:1      | Reached XP level 2. HP: 17/18 MP: 2/2
   509 | D:1      | Reached XP level 3. HP: 22/22 MP: 3/3
   645 | D:1      | Reached skill level 1 in Armour
   962 | D:2      | Noticed a bullfrog
   972 | D:2      | Killed a bullfrog
   972 | D:2      | Reached skill level 4 in Maces & Flails
   972 | D:2      | Reached XP level 4. HP: 9/28 MP: 4/4
   982 | D:2      | Reached XP level 5. HP: 10/32 MP: 5/5
  1527 | D:3      | Noticed Grinder
  1535 | D:3      | Paralysed by Grinder for 7 turns
  1561 | D:3      | Killed from afar by Grinder

Vault maps used:
D:1:      mainiacjoe_arrival_reflecting_pool
D:2:      first_ration, serial_bayou_pond_c
D:3:      uniq_grinder

Skill      XL: |  1  2  3 |
---------------+----------+-----
Armour         | 1 |  1.7
Fighting       | 3 |  3.1
Maces & Flails | 4 |  4.4
Dodging        | 3 |  3.1
Throwing       | |  1.7

Action                   |  1- 3 |  4- 6 || total
-------------------------+-------+-------++-------
Melee: Flail             |   150 |    37 ||   187
  Eat: Chunk             |       |     2 ||     2
Armor: Leather armour    |   114 |    14 ||   128
Dodge: Dodged            |   142 |    25 ||   167

Table legend:
 A = Non-vault XP
 B = Vault XP
 C = Vault XP percentage of total XP
 D = Non-vault monster count
 E = Vault monster count
 F = Vault count percentage of total count
                 A         B        C        D         E       F
            +---------+---------+-------+---------+---------+-------
      Total |     214 |       0 |   0.0 |      56 |       0 |   0.0
            +---------+---------+-------+---------+---------+-------
        D:1 |      53 |       0 |   0.0 |      30 |       0 |   0.0
        D:2 |     141 |       0 |   0.0 |      22 |       0 |   0.0
        D:3 |      20 |       0 |   0.0 |       4 |       0 |   0.0
            +---------+---------+-------+---------+---------+-------
